 Dungeon Crawl Stone Soup version 0.27-a0-1081-ge8a0a9c698 (webtiles) character file.

Game seed: 6879919604758482610

36 tardwrangler69 the Poker (level 3, -1/28 HPs)
             Began as a Merfolk Gladiator on Apr 25, 2021.
             Slain by an adder (3 damage)
             ... on level 2 of the Dungeon.
             The game lasted 00:00:57 (1832 turns).

tardwrangler69 the Poker (Merfolk Gladiator)        Turns: 1832, Time: 00:00:58

Health: -1/28      AC:  4    Str: 15    XL:     3   Next: 37%
Magic:  3/3        EV: 13    Int:  7    God:
Gold:   35         SH:  0    Dex: 15    Spells: 2/2 levels left

rFire    . . .     SeeInvis .   a - +0 trident
rCold    + . .     Faith    .   (no shield)
rNeg     . . .     Spirit   .   b - +0 leather armour
rPois    .         Reflect  .   c - +0 helmet
rElec    .         Harm     .   (no cloak)
rCorr    .         Rampage  .   (no gloves)
Will     +....                  (no boots)
Stlth    +.........             (no amulet)
HPRegen  0.09/turn              (no ring)
MPRegen  0.08/turn              (no ring)

@: lethally poisoned (-1 -> -9)
A: (nimble swimmer 2), mertail, cold resistance 1, strong-willed 1, subdued
magic 1, MP-powered wands
a: no special abilities


You were on level 2 of the Dungeon.
You visited 1 branch of the dungeon, and saw 2 of its levels.

You collected 35 gold pieces.

Inventory:

Hand Weapons
 a - a +0 trident (weapon)
Missiles
 d - 3 throwing nets (quivered)
Armour
 b - a +0 leather armour (worn)
 c - a +0 helmet (worn)
Jewellery
 j - a ring of willpower
Scrolls
 e - a scroll of identify
 f - a scroll of enchant armour
 g - 2 scrolls of torment {unknown}
 h - a scroll of noise {unknown}


   Skills:
 + Level 2.7 Fighting
 * Level 5.5 Polearms
 - Level 2.0 Throwing
 + Level 4.5 Dodging


You had 2 spell levels left.
You didn't know any spells.
Your spell library was empty.

Dungeon Overview and Level Annotations

Branches:
Dungeon (2/15)

Altars:


Innate Abilities, Weirdness & Mutations

((You are quick and stealthy near water. (Stealth+, EV+, Speed+++)))
Your lower body shifts to a powerful aquatic tail in water.
Your flesh is cold resistant. (rC+)
You are strong-willed. (Will+)
Your spells are a little easier to cast, but a little less powerful.
You expend magic power (3 MP) to strengthen your wands.


Message History

You barely miss the adder.
The adder is lightly wounded.
You feel sick. The adder barely misses you.
You miss the adder.
The adder is lightly wounded.
You feel sick.
You are no longer poisoned.
The adder bites you.
You are poisoned.
The adder poisons you! The adder bites you.
You are more poisoned.
The adder poisons you!
You are too injured to fight recklessly!
An adder is nearby!
An adder is nearby!
You closely miss the adder.
The adder is lightly wounded.
You feel very sick. The adder barely misses you.
You puncture the adder!
The adder is severely wounded.
* * * LOW HITPOINT WARNING * * *
You feel sick. The adder misses you. The adder bites you.
* * * LOW HITPOINT WARNING * * *
You are lethally poisoned!
The adder poisons you!
It was a potion of mutation.
You feel extremely strange.
You feel resistant to cold.
Your connection to magic feels subdued.
You feel strong-willed.
You feel your magical essence link to the dungeon's wands.
* * * LOW HITPOINT WARNING * * *
You feel very sick. The adder closely misses you.
You aren't carrying any potions.
As you read the scroll labelled YMEIST ATYUCA, it crumbles to dust.
It is a scroll of identify.
f - a scroll of enchant armour
* * * LOW HITPOINT WARNING * * *
You feel sick. The adder bites you.
You die...

#............#
#####.#####.########
#.# #........# #.#
##.#.###.# #.#
#.###.. #.# ##.#.###
#.# ##.# #.# #.# #@#
#S# #.# ..# ... #...
#... #>..#


You could see an adder.

Vanquished Creatures
  A gnoll (D:1)
  A worm (D:2)
  2 bats (D:1)
  5 endoplasms
  A giant cockroach (D:1)
  A goblin (D:1)
  3 jackals (D:1)
  2 ball pythons (D:1)
  A frilled lizard (D:1)
  4 kobolds (D:1)
  A rat (D:1)
22 creatures vanquished.

Notes
Turn   | Place    | Note
-------+----------+-------------------------------------------
     0 | D:1      | tardwrangler69 the Merfolk Gladiator began the quest for
                  | the Orb.
     0 | D:1      | Reached XP level 1. HP: 16/16 MP: 1/1
    63 | D:1      | Reached XP level 2. HP: 5/23 MP: 2/2
    63 | D:1      | HP: 1/23 [kobold/+0 club (4)]
   399 | D:1      | Reached skill level 5 in Polearms
  1023 | D:1      | Reached XP level 3. HP: 27/28 MP: 3/3
  1414 | D:1      | Found a faded altar of an unknown god.
  1831 | D:2      | Gained mutation: Your flesh is cold resistant. (rC+)
                  | [potion of mutation]
  1831 | D:2      | Gained mutation: Your spells are a little easier to cast,
                  | but a little less powerful. [potion of mutation]
  1831 | D:2      | Gained mutation: You are strong-willed. (Will+) [potion of
                  | mutation]
  1831 | D:2      | Gained mutation: You expend magic power (3 MP) to
                  | strengthen your wands. [potion of mutation]
  1832 | D:2      | Slain by an adder

Illustrated notes

Levels and vault maps discovered:
D:1:      heliophobic_arrival_glass_houses, layout_loops_corners,
          shapermc_ecumenical_altar_mp_urbaneastern
D:2:      layout_loops_ring, uniq_jessica

Skill      XL: |  1  2 |
---------------+-------+-----
Polearms       | 5 |  5.5
Fighting       | |  2.7
Throwing       | |  2.0
Dodging        | |  4.5

Action                   || total
-------------------------++-------
Melee: Trident           ||    76
  Use: Scroll            ||     1
       Potion            ||     1
 Stab: Sleeping          ||     4
Armor: Leather armour    ||     9
Dodge: Dodged            ||    34

Table legend: (Time is in decaauts)
 A = Elapsed time spent in this place.
 B = Non-inter-level travel time spent in this place.
 C = Inter-level travel time spent in this place.
 D = Time resting spent in this place.
 E = Time spent auto-exploring this place.
 F = Levels seen in this place.
 G = Mean time per level.
                   A        B        C        D        E       F      G
               +--------+--------+--------+--------+--------+-----+--------+
         Total |   1823 |   1790 |     33 |      0 |   1647 |   2 |  911.5 |
       Dungeon |   1823 |   1790 |     33 |      0 |   1647 |   2 |  911.5 |
               +--------+--------+--------+--------+--------+-----+--------+

Top non-repeatable levels by time:
     D:1: 1526 daAuts
     D:2: 296 daAuts
